Cogmind - Beta 16 @@@ ROGUE MODE // 2025.11.27 @ 18:58:46 Player: Vriska Result: Destroyed by H-55 Commando with Gauss Rifle Performance ------------- Evolutions (2) 1000 Regions Visited (5) 1000 Robots Destroyed (40) 200 Value Destroyed (1214) 1214 Prototype IDs (25) 500 Alien Tech Used (0) 0 Bonus (300) 300 TOTAL SCORE: 4214 Bonus ------- Aligned with FarCom 300 Cogmind --------- Core Integrity 0/550 Matter 260/300 Energy 140/140 System Corruption 1% Temperature Cool (0) Movement Walking (110) Location -8/Materials Parts ------- > --- POWER (1) -------- Light Deuterium Engine > --- PROPULSION (4) --- Aluminum Leg Aluminum Leg VSS Leg > --- UTILITY (4) ------ Medium Storage Unit Signal Interpreter > --- WEAPON (2) ------- Advanced Beam Rifle Enhanced Autogun > --- INVENTORY (10) --- Deuterium Engine Improved Hover Unit Signal Interpreter ECM Suite Hardened Medium Armor Plating Improved Light Armor Plating Improved Light Armor Plating Hacking Suite Enhanced Autogun Peak State ------------ > --- POWER ------------ Light Nuclear Core > --- PROPULSION ------- Aluminum Leg Aluminum Leg Aluminum Leg Titanium Leg > --- UTILITY ---------- Small Storage Unit Weight Redist. System Signal Interpreter Hacking Suite > --- WEAPON ----------- YOLO Cannon > --- INVENTORY -------- Hover Unit Hover Unit Hover Unit Signal Interpreter [Rating: 36] Favorites ----------- Power Light Nuclear Core Engine Light Deuterium Engine Power Core Light Nuclear Core Propulsion Aluminum Leg Treads Light Treads Leg Aluminum Leg Hover Unit Hover Unit Utility Small Storage Unit Device Weight Redist. System Storage Small Storage Unit Processor Signal Interpreter Hackware Hacking Suite Protection Hardened Medium Armor Plating Weapon Light Assault Rifle Energy Gun Advanced Beam Rifle Energy Cannon YOLO Cannon Ballistic Gun Light Assault Rifle Slashing Weapon Mining Claw Build | -11 -10 -10 -10 -9 -8 ------- Run | Yrd Mat Min Exi Min Mat Slots Evolved 4 | . . . . . 4 Power . | . . . . . . Propulsion 2 | . . . . . 2 Utility 2 | . . . . . 2 Weapon . | . . . . . . Parts Attached 36 | 5 6 1 . . 24 Power 5 | 1 2 . . . 2 Engine 3 | 1 1 . . . 1 Core 2 | . 1 . . . 1 Reactor . | . . . . . . Propulsion 16 | 2 3 . . . 11 Treads 4 | . . . . . 4 Leg 9 | 2 3 . . . 4 Wheel . | . . . . . . Hover 3 | . . . . . 3 Flight . | . . . . . . Utility 9 | 1 . 1 . . 7 Device 2 | . . . . . 2 Storage 2 | 1 . . . . 1 Processor 2 | . . 1 . . 1 Hackware 2 | . . . . . 2 Protection 1 | . . . . . 1 Artifact . | . . . . . . Weapon 6 | 1 1 . . . 4 Energy Gun 1 | . . . . . 1 Energy Cannon 1 | . . . . . 1 Ballistic Gun 3 | 1 1 . . . 1 Ballistic Cannon . | . . . . . . Launcher . | . . . . . . Special Weapon . | . . . . . . Impact Weapon . | . . . . . . Slashing Weapon 1 | . . . . . 1 Piercing Weapon . | . . . . . . Special Melee Weapon . | . . . . . . Unidentified Prototypes 2 | . . . . . 2 Parts Lost 18 | . 2 . . . 16 Power 3 | . 1 . . . 2 Propulsion 8 | . . . . . 8 Utility 4 | . . . . . 4 Weapon 3 | . 1 . . . 2 Highest Loss Streak 5 | . 1 . . . 5 To Critical Strikes 1 | . . . . . 1 Average Backups 5 | . 3 8 6 7 5 Power . | . . 1 . . . Propulsion 1 | . 2 4 4 4 1 Utility 2 | . . 3 2 2 3 Weapon . | . . . . 1 . Tool/Special . | . . . . . . Unused Backups 10 | . . . . . 10 Power . | . . . . . . Propulsion 1 | . . . . . 1 Utility 8 | . . . . . 8 Weapon 1 | . . . . . 1 Tool/Special . | . . . . . . Average Slot Usage (%) 79 | . 75 71 85 85 79 Engine 4 | . 9 . . . 3 Core 6 | . 3 14 14 14 4 Treads 5 | . . . . . 8 Leg 13 | . 28 28 28 28 6 Hover 6 | . . . . . 9 Device 3 | . . . . . 5 Storage 10 | . 14 14 14 14 9 Processor 8 | . . . 14 14 10 Hackware 3 | . . . . . 5 Protection 1 | . . . . . 2 Energy Gun 3 | . . . . . 4 Energy Cannon 2 | . . . . . 4 Ballistic Gun 7 | . 18 14 14 14 3 Peak Build Rating 36 | 5 8 8 10 10 36 Average Rating 20 | 3 5 8 9 10 26 On Entrance 6 | . 5 8 8 10 10 Avg Prop Armor Cover (%) 10 | . . . . . 10 Naked Turns . | . . . . . . Heaviest Build 30 | 9 12 11 11 11 30 Greatest Support 60 | 20 20 20 20 20 60 Greatest Overweight (x) 4 | . . . . . 4 Average Overweight (x) . | . . . . . . Largest Inventory Capacity 10 | 8 8 8 8 8 10 Average Capacity 8 | 6 8 8 8 8 8 Most Carried 9 | 1 8 8 8 8 9 Average Carried 5 | . 3 7 7 8 5 Final Capacity 10 | 8 8 8 8 8 10 Final Carried 9 | 1 8 7 8 8 9 Class Distribution -------------------- 56% | Scavenger-Mutant 43% | Mutant Dominant Class ---------------- Mutant | -10/Materials Mutant | -10/Mines Mutant | -10/Exiles Mutant | -9/Mines Scavenger-Mutant | -8/Materials Resources | -11 -10 -10 -10 -9 -8 ----------- Run | Yrd Mat Min Exi Min Mat Matter Collected 928 | 151 229 . . . 548 Remotely . | . . . . . . Salvage Created 1402 | . 394 . . . 1008 Parts 64 | . 21 . . . 43 Haulers Intercepted 3 | . . . . . 3 Recyclers Shooed . | . . . . . . Parts Field Recycled . | . . . . . . Retrieved Matter . | . . . . . . Parts Self-Destructed . | . . . . . . Prevented . | . . . . . . Parts Restored . | . . . . . . Kills | -11 -10 -10 -10 -9 -8 ------- Run | Yrd Mat Min Exi Min Mat Combat Hostiles Destroyed 24 | . 9 . . . 15 Melee 2 | . . . . . 2 Guns 18 | . 9 . . . 9 Cannons 3 | . . . . . 3 Classes Destroyed 11 | . 4 . . . 7 Worker 3 | . . . . . 3 Builder 1 | . . . . . 1 Tunneler 1 | . . . . . 1 Hauler 3 | . . . . . 3 Operator 2 | . 1 . . . 1 Watcher 6 | . 2 . . . 4 Swarmer 3 | . 3 . . . . Grunt 16 | . 6 . . . 10 Brawler 1 | . . . . . 1 Sentry 3 | . . . . . 3 Hunter 1 | . . . . . 1 Best Kill Streak 5 | . 3 . . . 5 Combat Bots Only 3 | . 3 . . . 3 Max Kills in Single Turn 5 | . 1 . . . 5 Gunslinging . | . . . . . . Exploded . | . . . . . . Melee 1 | . . . . . 1 Uniques/NPCs Destroyed . | . . . . . . Combat | -11 -10 -10 -10 -9 -8 -------- Run | Yrd Mat Min Exi Min Mat Hostile Shots Fired 179 | . 83 . . . 96 Missed 52 | . 28 . . . 24 Hits 127 | . 55 . . . 72 Projectile 127 | . 55 . . . 72 Critical Strikes 7 | . 3 . . . 4 Damage Taken 2106 | . 669 . . . 1437 Core 515 | . 209 . . . 306 Absorbed by Shields . | . . . . . . Core Remaining (%) 58 | 100 . . . 16 . Volleys Fired 133 | . 69 . . . 64 Largest 2 | . 2 . . . 2 Hottest 100 | . 40 . . . 100 Shots Fired 213 | . 106 . . . 107 Gun 205 | . 106 . . . 99 Cannon 8 | . . . . . 8 Launcher . | . . . . . . Special . | . . . . . . Kinetic 149 | . 106 . . . 43 Thermal 64 | . . . . . 64 Explosive . | . . . . . . Electromagnetic . | . . . . . . Robot Hit Streak 19 | . 19 . . . 10 Robot Miss Streak 4 | . 3 . . . 4 Penetration Max . | . . . . . . Secondary Targets 2 | . 1 . . . 1 Max Gunslinging Chain 1 | . 1 . . . 1 Shots Hit Robots 143 | . 71 . . . 72 Core Hits 69 | . 36 . . . 33 Critical Kills 1 | . 1 . . . . Critical Parts Destroyed 1 | . 1 . . . . Critical Strikes 4 | . 2 . . . 2 Burn 2 | . . . . . 2 Destroy 2 | . 2 . . . . Melee Attacks 8 | . . . . . 8 Impact . | . . . . . . Slashing 8 | . . . . . 8 Piercing . | . . . . . . Sneak Attacks 2 | . . . . . 2 Combat Hostiles . | . . . . . . Follow-up Attacks . | . . . . . . Damage Inflicted 3405 | . 558 . . . 2847 Guns 1721 | . 558 . . . 1163 Cannons 326 | . . . . . 326 Explosions 1146 | . . . . . 1146 Melee 212 | . . . . . 212 Ramming . | . . . . . . Kinetic 1021 | . 558 . . . 463 Thermal 2172 | . . . . . 2172 Explosive . | . . . . . . Electromagnetic . | . . . . . . Impact . | . . . . . . Slashing 212 | . . . . . 212 Piercing . | . . . . . . Highest Corruption 1 | . . . . . 1 Average Corruption 1 | . . . . . 1 Corruption Purged . | . . . . . . Corruption Blocked . | . . . . . . Effects 19 | . . . . . 19 Message Errors 4 | . . . . . 4 Matter Fused 7 | . . . . . 7 Heat Flow Errors 1 | . . . . . 1 Energy Discharges 4 | . . . . . 4 Data Loss (minor) 2 | . . . . . 2 Misfires 1 | . . . . . 1 Overload Shots . | . . . . . . Overflow Damage 430 | . . . . . 430 Projectiles 126 | . . . . . 126 Explosions 304 | . . . . . 304 Melee . | . . . . . . Knockbacks . | . . . . . . Impact . | . . . . . . Kinetic . | . . . . . . Secondary . | . . . . . . Self-Inflicted Damage 338 | . . . . . 338 Shots 4 | . . . . . 4 Rammed . | . . . . . . Targets Rammed . | . . . . . . Kicked . | . . . . . . Crushed . | . . . . . . Highest Temperature 443 | . 54 . . . 443 Average Temperature 83 | . 15 . . . 103 Received Heat Transfer 822 | . 381 . . . 441 Effects 2 | . . . . . 2 Shutdowns 1 | . . . . . 1 Damage (minor) 1 | . . . . . 1 Siege Activations . | . . . . . . Martial Activations . | . . . . . . Shielding Activations . | . . . . . . Robots Disrupted . | . . . . . . Combat Hostiles . | . . . . . . Robots Corrupted . | . . . . . . Combat Hostiles . | . . . . . . Parts Fried . | . . . . . . Impact Corruptions . | . . . . . . Robots Melted 1 | . . . . . 1 Combat Hostiles 1 | . . . . . 1 Parts Melted 2 | . . . . . 2 Heat Transferred 2823 | . . . . . 2823 Parts Sabotaged . | . . . . . . Parts Stolen . | . . . . . . Parts Stripped . | . . . . . . Power Chain Reactions . | . . . . . . Alert | -11 -10 -10 -10 -9 -8 ------- Run | Yrd Mat Min Exi Min Mat Maximum Alert Level 1 | . . . . . 1 Low Security (%) 92 | 100 100 100 . 100 90 Level 1 7 | . . . . . 9 Level 2 . | . . . . . . Level 3 . | . . . . . . Level 4 . | . . . . . . Level 5 . | . . . . . . High Security . | . . . . . . Max Security . | . . . . . . Peak Influence 217 | . 87 24 . . 217 Initial 24 | . . 24 . . . Average 76 | . 39 8 . . 92 Influence Increases 911 | . 259 . . . 652 Destroy 0b10 Robot/C 480 | . 180 . . . 300 Destroy 0b10 Robot/NC 80 | . 15 . . . 65 Destroy Leader 128 | . 44 . . . 84 Successful Hack 15 | . 5 . . . 10 Disable Machine 90 | . . . . . 90 Destroy Structure 103 | . . . . . 103 Lose Combat Pursuer 15 | . 15 . . . . Influence Decreases 722 | . 196 63 . . 463 Entered New Map 39 | . . 39 . . . Time Decay 512 | . 176 24 . . 312 Lost Part 171 | . 20 . . . 151 Squads Dispatched 3 | . . . . . 3 Investigation 1 | . . . . . 1 Extermination . | . . . . . . Reinforcement 2 | . . . . . 2 Assault . | . . . . . . Garrison . | . . . . . . Intercept . | . . . . . . Searches Triggered . | . . . . . . Construction Impeded . | . . . . . . Haulers Reinforced . | . . . . . . Active Scanning Responses . | . . . . . . Cargo Convoy Interrupts . | . . . . . . Stealth | -11 -10 -10 -10 -9 -8 --------- Run | Yrd Mat Min Exi Min Mat Distress Signals 5 | . 2 . . . 3 Communications Jammed . | . . . . . . Distress Signals . | . . . . . . Times Spotted 48 | . 18 . . . 30 Peak Tracking Total 4 | . 4 . . . 4 Tactical Retreats 4 | . 1 . . . 3 ECM-based Alert Blocks 3 | . . . . . 3 Traps | -11 -10 -10 -10 -9 -8 ------- Run | Yrd Mat Min Exi Min Mat Traps Triggered 1 | . . . . . 1 Indirectly . | . . . . . . Trap Hack Attempts . | . . . . . . Triggered . | . . . . . . Disarmed . | . . . . . . Reprogrammed . | . . . . . . Reused . | . . . . . . Traps Extracted . | . . . . . . Installed . | . . . . . . Triggered . | . . . . . . Machines | -11 -10 -10 -10 -9 -8 ---------- Run | Yrd Mat Min Exi Min Mat Machines Disabled 6 | . . . . . 6 Max in Single Turn 4 | . . . . . 4 Machines Repaired . | . . . . . . Machines Dismantled . | . . . . . . Machines Sabotaged . | . . . . . . Overloaded Fab Kills . | . . . . . . Hacking | -11 -10 -10 -10 -9 -8 --------- Run | Yrd Mat Min Exi Min Mat Machines Accessed 9 | . 3 . 1 . 5 Terminals 5 | . 3 . . . 2 Fabricators . | . . . . . . Repair Stations . | . . . . . . Recycling Units 1 | . . . . . 1 Scanalyzers 2 | . . . . . 2 Garrison Access . | . . . . . . Total Hacks 20 | . 5 . 1 . 14 Successful 14 | . 1 . 1 . 12 Failed 6 | . 4 . . . 2 Catastrophic 1 | . 1 . . . . Database Lockouts . | . . . . . . Manual 8 | . 5 . 1 . 2 Terminals 7 | . 5 . . . 2 Fabricators . | . . . . . . Repair Stations . | . . . . . . Recycling Units 3 | . . . . . 3 Scanalyzers 9 | . . . . . 9 Garrison Access . | . . . . . . Terminal Hacks 4 | . 1 . 1 . 2 Alert Level 1 | . . . . . 1 Recall Investigation 1 | . . . . . 1 Hauler Manifests 1 | . 1 . . . . Proto ID Catalog 1 | . . . 1 . . Fabricator Hacks . | . . . . . . Repair Station Hacks . | . . . . . . Recycling Unit Hacks 2 | . . . . . 2 Report Inventory 1 | . . . . . 1 Retrieve Components 1 | . . . . . 1 Scanalyzer 8 | . . . . . 8 Insert Component 3 | . . . . . 3 Analyze 3 | . . . . . 3 Retrieve Study 2 | . . . . . 2 Garrison Access Hacks . | . . . . . . Unauthorized Hacks . | . . . . . . Terminals . | . . . . . . Fabricators . | . . . . . . Repair Stations . | . . . . . . Recycling Units . | . . . . . . Scanalyzers . | . . . . . . Garrison Access . | . . . . . . Data Cores Recovered 1 | . 1 . . . . Used . | . . . . . . Hacking Detections 4 | . 1 . . . 3 Full Trace Events 2 | . 1 . . . 1 Feedback Events . | . . . . . . Feedback Blocked . | . . . . . . Robot Schematics Acquired . | . . . . . . Robots Built . | . . . . . . Authchips . | . . . . . . Time . | . . . . . . Total Robot Build Rating . | . . . . . . Part Schematics Acquired 3 | . . . . . 3 Parts Built . | . . . . . . Authchips . | . . . . . . Time . | . . . . . . Total Part Build Rating . | . . . . . . Part Studies Acquired 2 | . . . . . 2 Parts Repaired . | . . . . . . Time . | . . . . . . Parts Recycled . | . . . . . . Recycled Matter . | . . . . . . Retrieved Matter . | . . . . . . Retrieved Components 5 | . . . . . 5 Parts Scanalyzed 3 | . . . . . 3 Part Schematics Acquired 3 | . . . . . 3 Parts Damaged . | . . . . . . Bothacking | -11 -10 -10 -10 -9 -8 ------------ Run | Yrd Mat Min Exi Min Mat Used RIF Installer . | . . . . . . Robots Hacked . | . . . . . . Non-combat . | . . . . . . Combat . | . . . . . . Robot Hacks Applied . | . . . . . . Relay Couplers Released . | . . . . . . Fabnet Peak Effective % . | . . . . . . Robots Rewired . | . . . . . . Allies Hacked . | . . . . . . Hacks Repelled . | . . . . . . Allies | -11 -10 -10 -10 -9 -8 -------- Run | Yrd Mat Min Exi Min Mat Total Allies . | . . . . . . Largest Group . | . . . . . . Highest-Rated Group . | . . . . . . Highest-Rated Ally . | . . . . . . Total Orders . | . . . . . . Ally Attacks . | . . . . . . Total Damage . | . . . . . . Kills . | . . . . . . Allies Corrupted . | . . . . . . Allies Melted . | . . . . . . Intel | -11 -10 -10 -10 -9 -8 ------- Run | Yrd Mat Min Exi Min Mat Active Infowar (turns) 617 | . . . . . 617 T.N.C. 250 | . . . . . 250 ECM 606 | . . . . . 606 Robot Analysis Total . | . . . . . . Derelict Logs Recovered 1 | . . 1 . . . Drone Launches . | . . . . . . Drone Recoveries . | . . . . . . Exploration | -11 -10 -10 -10 -9 -8 ------------- Run | Yrd Mat Min Exi Min Mat Turns Passed 3214 | 41 538 97 312 60 2166 Spaces Moved 1523 | 32 275 78 259 51 828 Core 13 | 8 . . . . 5 Treads 331 | . . . . . 331 Legs 910 | 24 275 78 259 51 223 Wheels . | . . . . . . Hover 269 | . . . . . 269 Flight . | . . . . . . Fastest Speed 50 | 50 120 120 120 120 52 Average Speed 123 | 102 120 120 120 120 127 Slowest Speed 250 | 120 120 120 120 120 250 Overloaded Moves . | . . . . . . Propulsion Burnouts . | . . . . . . Robots Hopped . | . . . . . . Potential Cave-ins . | . . . . . . Cave-ins Triggered . | . . . . . . Exploration Rate (%) 31 | 4 45 29 43 24 43 Regions Visited 5 Branch Regions 3 Pre-discovered Areas 2 | . . 1 . 1 . Known Exits Taken 3 | . . 1 1 1 . Unknown Exits Taken 2 | 1 1 . . . . Scrap Searched . | . . . . . . Spaces Dug . | . . . . . . Terrain Destroyed 132 | . . . . . 132 Melee . | . . . . . . Projectile 6 | . . . . . 6 AOE 126 | . . . . . 126 Terrain Rammed . | . . . . . . Walls Destroyed . | . . . . . . Machines Disabled . | . . . . . . Actions | -11 -10 -10 -10 -9 -8 --------- Run | Yrd Mat Min Exi Min Mat Total 2642 | 37 397 81 260 50 1817 Wait 887 | . 40 3 . . 844 Move 1518 | 31 274 77 258 50 828 Hop . | . . . . . . Pick Up 24 | 1 6 . 1 . 16 Fast Attach 24 | 5 1 . . . 18 Attach 18 | . 1 1 . . 16 Detach 5 | . . . . . 5 Swap 6 | . 4 . . . 2 Drop 19 | . 2 . 1 . 16 Fire 133 | . 69 . . . 64 Melee 8 | . . . . . 8 Ram . | . . . . . . Kick . | . . . . . . Crush . | . . . . . . Escape Stasis . | . . . . . . Rewire . | . . . . . . Trap . | . . . . . . Miscellaneous . | . . . . . . Route ------- -11/Scrapyard -10/Materials -10/Mines (discovered 2 exits: [*Mat] / *Exi) -10/Exiles -9/Mines -8/Materials History --------- Turn | Location | Event 2 | -11/Scrapyard | Met Revision 17 6 | -11/Scrapyard | Discovered new exit (range 15) 42 | -11/Scrapyard | Entered Materials 237 | -10/Materials | Discovered new exit (range 13) 306 | -10/Materials | Build established: Mutant 473 | -10/Materials | Core integrity fell below 50% 502 | -10/Materials | Core integrity fell below 20% 580 | -10/Materials | Entered Mines 619 | -10/Mines | Found a hidden stash of uninstalled traps 648 | -10/Mines | Learned location of Mines (-9) 651 | -10/Mines | Discovered new exit (range 7) 669 | -10/Mines | Deemed a non-threat by the Exiles lab entrance 670 | -10/Mines | Discovered new exit (range 5) 677 | -10/Mines | Identified exit to Exiles 677 | -10/Mines | Entered Exiles 706 | -10/Exiles | Met 8R-AWN 727 | -10/Exiles | Met EX-HEX 760 | -10/Exiles | Met EX-BIN 777 | -10/Exiles | Aligned with FarCom system 778 | -10/Exiles | Given EX-Vault access code 807 | -10/Exiles | Opened EX-Vault 815 | -10/Exiles | Found YOLO Cannon 841 | -10/Exiles | Warned to stay clear of 0b10 Research branches 926 | -10/Exiles | Discovered new exit (range 15) 942 | -10/Exiles | Identified exit to Mines 989 | -10/Exiles | Left Exiles lab with YOLO Cannon 989 | -10/Exiles | Entered Mines 1032 | -9/Mines | Learned location of Storage (-7) 1036 | -9/Mines | Discovered new exit (range 9) 1046 | -9/Mines | Identified exit to Materials 1049 | -9/Mines | Entered Materials 1049 | -8/Materials | Evolved 4 slots: Propulsion x2, Utility x2 1357 | -8/Materials | Build established: Scavenger-Mutant 2105 | -8/Materials | YOLO Cannon suddenly exploded 2106 | -8/Materials | Core integrity fell below 50% 2136 | -8/Materials | Lost 5 parts (1p1n2u1w) 2279 | -8/Materials | Lost 5 parts (1p3n1w) 2394 | -8/Materials | Core integrity fell below 20% 3084 | -8/Materials | Lost 4 parts (2n2u) 3215 | -8/Materials | Destroyed by H-55 Commando with Gauss Rifle Last Messages --------------- >>Insert(Imp. Hover Unit+) Scanning Imp. Hover Unit+... Ready to analyze. >>Scanalyze Scanning: Imp. Hover Unit+... Schematic downloaded. >>Insert(Signal Interpreter) Scanning Signal Interpreter... Ready to analyze. >>Scanalyze Scanning: Signal Interpreter... Schematic downloaded. XE,S#%4YPTS2:V4#8WP,&QVK9 Acquired VSS Leg. Dropped Lgt. Treads+. Acquired Deuterium Engine. C-30 ARC bursts open, deploying its payload. H-55 Commando unfolds itself. Penetrated by Slug. [Achievement: Back For More] Map ----- +----------------------------------------------------+ | ????????????????????????????????????###+##???????? | | ????????????????????????????????????# ???????? | | ????????????????????????????????????# " ??????? | | ????????????????????????????????????#""" ????### | | ????????????????????????????????????#"" ???#!! | | ????????????????????????????????????#""" ####% | | ????????????????????????????????????# "" + =! | | ????????????????????????????????????#""" ####%[ | | ????????????????????????????????????#""" "???#!* | | ????????????????????????????????????#""" ????# | | ????????????????????????????????????# " ????# | | ????????????????????????????????????# ! ?????# | | ????????????????????????????????????# ####?????# | | ????????????????????????????????????##########?# ! | | ?????????????????????????????????????#] ###%[ | | ?????????????????????????????????????# + | | ?????????????????????????????????????+ """"" ##### | | ?????????????????????????????????????# """"" # | | ?????????????????????????#+#?????????# """"" # | | ?????????????????#??????? #?????????######### | | ?????????????????# ??????# #?????????????????# ! | | ?????????????????+ ?????# ##????????????????# | | ???????????????####+###### ?????????????????# "" | | ???????????????# ! % # #?????????????????# "T | | ???????????????# h # #?????????????????# "" | | ???????????????# @ #?????????????????# | | ???????????????# # #????w??????????####### | | ???????????????# # #???????????????#] | | ???????????????# """"" ! # #???????????????# """ | | ???????????????# """"" # #?############### """" | | ???????????????# """"" # ### + " | | ???????????????########### ########### # | | ?????????????????????????# ### ## # ####### | | ?????????????????????????# #?# ## # | | ?????????????????????????#+###+## + | | ?????????????????????????# # # | | ?????????????????????????# ! / # !/ ###### | | ?????????????????????????#* # !/ #????# | | ?????????????????????????# "" # #????#! | | ?????????????????????????# S"" # #????## ! | | ?????????????????????????# "" # #?????### | | ?????????????????????????#################???????? | | ?????????????????????????????????????????????????? | | ?????????????????????????????????????????????????? | | ?????????????????????????????????????????????????? | | ?????????????????????????????????????????????##### | | ?????????????????????????????????????????????# | | ?????????????????????????????????????????????# "T" | | ?????????????????????????????????????????????# | | ?????????????????????????????????????????????# ! | +----------------------------------------------------+ Best States ------------- Heat Dissipation 31 Energy Generation 14 Energy Capacity 250 Matter Stores 300 Matter Capacity 300 Sight Range 16 Terrain Scan Density 10 ECM Strength 1 Additional Mass Support 6 Armor Coverage 225 Evasion (%) 55 Recoil Reduction 3 Offensive Hacking 10 Item Schematics ----------------- Hacking Suite | -8/Materials | Scanalyzed Imp. Hover Unit | -8/Materials | Scanalyzed Signal Interpreter | -8/Materials | Scanalyzed Robot Schematics ------------------ None Fabricated ------------ Nothing Repaired ---------- Nothing Studied --------- Imp. Hover Unit | -8/Materials | Hacked Lgt. Treads | -8/Materials | Hacked Alien Tech Used ----------------- None Achievements -------------- Back For More YOLO Challenges ------------ None Game ------ Seed ThrusterMultireflexShooter Manual? 0 Play Time 00:27:34 Cumulative 26.4 hours Start 2025.11.27 @ 18:33:17 End 2025.11.27 @ 18:58:46 Sessions 1 Manual Loads 0 Difficulty Rogue Special Mode None Game No. 50 Rogue 50 Adventurer 0 Explorer 0 Win Type - Total 0 Types 0/0/0/0/0/0/0/0/0/0 Lore% 27 Gallery% 23 Achievement% 20 Wizard Run 0 Options --------- Layout 0 ASCII 0 Keyboard 0 Movement Numpad Keybinds 0 Fullscreen 1 Font 18/SmallcapsGlow Map View 76x50 Zoom Use 0% Tactical HUD 0 Map Filters NONE Filters NONE Steam 1 RUN: d9d5ac0d-363c-4968-8a11-8222cda7d550